AoeStats
← MarcaTenebrosa

Arabia

507417636Analyzed
1v1 RM · 14d ago on Sep 18, 2026· 24m 59s· 2 players
Game mode
Random Map
Map size
Tiny (2 player)
Population
200
Speed
Normal
Resources
Standard
Victory
Conquest
Starting age
Dark Age
Ending age
Imperial Age
RankedLock teamsTeams togetherTeam positionsShared explorationLock speedFull tech treeHidden civsTurbo modeCheats
Victory
Defeat
🇹🇼 Aztecs · Taiwan
856
+16
🇦🇷 Franks · Argentina
852
-35
MarcaTenebrosa
7:54 Loom
10:28 Feudal Age
15:54 Forging
19:05 Scale Barding Armor
20:43 Man-at-Arms
25:26 Castle Age
24:25 Scale Mail Armor
25:09 Fletching
福瓜
1:37 Loom
10:51 Feudal Age
11:28 Double-Bit Axe
13:21 Fletching
13:43 Forging
14:10 Scale Mail Armor
16:07 Wheelbarrow
22:18 Castle Age
22:33 Gold Mining
22:22 Pikeman
23:19 Squires
25:01 Iron Casting
Connection lost

Rejoining the realm…

Still unreachable

The connection could not be restored.

Session expired

The server has moved on; the page needs a fresh start.